 Dungeon Crawl Stone Soup version 0.22.1-1-ga44c0e56f4 (webtiles) character file.

165 Morbidden the Chopper (level 5, 0/41 HPs)
             Began as a Demonspawn Fighter on Oct 25, 2018.
             Succumbed to Crazy Yiuf's poison
             ... on level 2 of the Dungeon.
             The game lasted 00:03:53 (1813 turns).

Morbidden the Chopper (Demonspawn Fighter)          Turns: 1813, Time: 00:03:53

Health: 0/41       AC: 10    Str: 15 (18) XL:     5   Next: 21%
Magic:  5/5        EV:  4    Int:  8 (9)  God:
Gold:   93         SH:  8    Dex: 12      Spells: 4/4 levels left

rFire    . . .     SeeInvis .   a - +0 war axe
rCold    . . .     Gourm    .   c - +0 shield
rNeg     . . .     Faith    .   o - +0 chain mail
rPois    .         Spirit   .   (no helmet)
rElec    .         Reflect  .   (no cloak)
rCorr    .         Harm     .   (no gloves)
MR       .....                  (no boots)
Stlth    ..........             j - amulet of rage
HPRegen  0.13/turn              (no ring)
MPRegen  0.09/turn              (no ring)

@: lethally poisoned (0 -> -10), flying (expiring), very slightly contaminated,
invisible (expiring)
A: talons 1, yellow scales 1, spiny 1
a: Evoke Berserk Rage


You were on level 2 of the Dungeon.
You were near starving.

You visited 1 branch of the dungeon, and saw 2 of its levels.

You collected 93 gold pieces.

Inventory:

Hand Weapons
 a - a +0 war axe (weapon)
 b - a +0 hunting sling
Missiles
 n - 34 sling bullets
Armour
 c - a +0 shield (worn)
 o - a +0 chain mail (worn)
Jewellery
 j - an amulet of rage (around neck)
Scrolls
 g - a scroll of teleportation {unknown}
 h - a scroll of enchant weapon {unknown}
 i - a scroll of immolation {unknown}
 k - 3 scrolls of identify {unknown}
 m - 2 scrolls of amnesia {unknown}
Potions
 e - a potion of resistance
Comestibles
 f - 4 rations


   Skills:
 - Level 3.0 Fighting
 * Level 4.1 Axes
 + Level 2.4 Slings
 - Level 2.7 Armour
 - Level 2.7 Shields


You had 4 spell levels left.
You didn't know any spells.
Your spell library was empty.

Dungeon Overview and Level Annotations

Branches:
Dungeon (2/15)

Altars:
Dithmenos


Innate Abilities, Weirdness & Mutations

You have sharp toenails.
You are partially covered in yellow scales. (AC +2)
You are partially covered in sharp spines.


Message History

You feel sick.
Things that are here:
a quarterstaff of chaos; a cloak Unknown command.
Okay, then.
* * * LOW HITPOINT WARNING * * *
You feel sick.
* * * LOW HITPOINT WARNING * * *
You feel sick.
Unknown command.
You are starting to lose your buoyancy.
* * * LOW HITPOINT WARNING * * *
You feel sick.
* * * LOW HITPOINT WARNING * * *
You feel sick.
* * * LOW HITPOINT WARNING * * *
You feel sick.
Okay, then.
You flicker for a moment.
You die...

###### ### #######.#
#.# ##.# ######.## #.#
##...
#...#.#.###.###.#.# ###
♣♣##.#..###......÷...#
#)..#♣♣
♣♣.#....#.#.###.###.###
#.(.'.♣♣♣♣......###.##
#.# ##...
#...#♣g.♣().....# #.#
#.####### ###
♣♣♣.♣..#.#.# #.#
#........ ♣♣♣♣♣###@#
#.############ #)#
#...........[.
########### #<#
##############
÷.........# #.# #.....
########..# #.####
###.#### #.## #^...#
#....<.. #.# ####.#
#.#.#### #.# #.# #.#.#
#.## #.# #.#.#


There were no monsters in sight!

Vanquished Creatures
  Crazy Yiuf (D:2)
  An orc priest (D:2)
  An orc wizard (D:2)
  3 adders (D:2)
  An ooze (D:2)
  A worm (D:2)
  2 leopard geckos
  2 orcs (D:2)
  2 giant cockroaches (D:2)
  5 goblins
  3 hobgoblins
  7 jackals
  3 bats
  3 kobolds (D:2)
  5 rats
40 creatures vanquished.

Notes
Turn   | Place    | Note
-------+----------+-------------------------------------------
     0 | D:1      | Morbidden the Demonspawn Fighter began the quest for the
                  | Orb.
     0 | D:1      | Reached XP level 1. HP: 18/18 MP: 1/1
   351 | D:1      | Reached skill level 2 in Axes
   533 | D:1      | Gained mutation: You have sharp toenails. [demonic
                  | ancestry]
   533 | D:1      | Reached XP level 2. HP: 23/24 MP: 2/2
   913 | D:2      | Reached skill level 3 in Axes
   959 | D:2      | Found a shadowy altar of Dithmenos.
  1011 | D:2      | Reached XP level 3. HP: 29/29 MP: 3/3
  1018 | D:2      | Reached skill level 1 in Slings
  1026 | D:2      | Gained mutation: You are partially covered in yellow
                  | scales. (AC +2) [demonic ancestry]
  1026 | D:2      | Reached XP level 4. HP: 19/35 MP: 4/4
  1309 | D:2      | Reached skill level 4 in Axes
  1777 | D:2      | Found a runed door.
  1781 | D:2      | Noticed Crazy Yiuf
  1806 | D:2      | Killed Crazy Yiuf
  1806 | D:2      | Gained mutation: You are partially covered in sharp spines.
                  | [demonic ancestry]
  1806 | D:2      | Reached XP level 5. HP: 11/41 MP: 5/5
  1811 | D:2      | HP: 2/41 [poisoned by Crazy Yiuf]
  1813 | D:2      | Succumbed to Crazy Yiuf's poison

Skill      XL: |  1  2  3  4 |
---------------+-------------+-----
Axes           | 2 3 4 |  4.1
Slings         | 1 2 |  2.4
Fighting       | |  3.0
Armour         | |  2.7
Shields        | |  2.7

Action                   |  1- 3 |  4- 6 || total
-------------------------+-------+-------++-------
Melee: War axe           |    39 |    45 ||    84
       Kick              |     6 |     5 ||    11
 Fire: Hunting sling     |    27 |    30 ||    57
  Use: Potion            |     2 |     5 ||     7
 Stab: Invisible         |       |     1 ||     1
  Eat: Chunk             |       |     1 ||     1
Armor: Scale mail        |     9 |       ||     9
       Chain mail        |     9 |    28 ||    37
Dodge: Dodged            |     7 |     6 ||    13
Block: Shield            |    18 |    28 ||    46
